 Dungeon Crawl Stone Soup version 0.26-a0-244-g083ca260ac (webtiles) character file.

Game seed: 11812896310969370625

5 Gargoyl the Skirmisher (level 1, -2/19 HPs)
             Began as a Centaur Abyssal Knight on July 8, 2020.
             Was a Follower of Lugonu.
             Killed from afar by a white imp (5 damage)
             ... with a puff of frost
             ... on level 1 of the Abyss.
             The game lasted 00:00:30 (197 turns).

Gargoyl the Skirmisher (Centaur Abyssal Knight)      Turns: 197, Time: 00:00:31

Health: -2/19      AC:  4    Str: 16    XL:     1   Next: 66%
Magic:  2/2        EV:  9    Int: 11    God:    Lugonu [*.....]
Gold:   0          SH:  0    Dex:  8    Spells: 0/0 levels left

rFire    . . .     SeeInvis .   a - +1 hand axe
rCold    . . .     Faith    .   (no shield)
rNeg     . . .     Spirit   .   b - +0 leather armour
rPois    .         Reflect  .   (no helmet)
rElec    .         Harm     .   (no cloak)
rCorr    .                      (no gloves)
MR       .....                  (no barding)
Stlth    ..........             (no amulet)
HPRegen  0.06/turn              (no ring)
MPRegen  0.08/turn              (no ring)

@: very quick
A: large, hooves 3, blurry vision 2, deformed body, speed 2, strong 1, tough
skin 3, wild magic 1
a: Depart the Abyss, Renounce Religion


You were on level 1 of the Abyss.
You worshipped Lugonu.
Lugonu was aware of your devotion.
You were not hungry.

You visited 0 branches of the dungeon, and saw 0 of its levels.
You visited the Abyss 1 time.

Inventory:

Hand Weapons
 a - a +1 hand axe (weapon)
Armour
 b - a +0 leather armour (worn)
Potions
 e - a potion of curing
Comestibles
 c - a ration


   Skills:
 + Level 3.4 Fighting
 + Level 1.7 Axes
 + Level 1.3 Armour
 + Level 0.6 Dodging
 + Level 2.0 Invocations


You couldn't memorise any spells.
You didn't know any spells.
Your spell library was empty.

Dungeon Overview and Level Annotations

Branches:
Dungeon (0/15)

Altars:


Innate Abilities, Weirdness & Mutations

You have hooves in place of feet.
Armour fits poorly on your strangely shaped body.
You cover ground very quickly.
You have extremely tough skin. (AC +3)
Scrolls take you longer to read.
Your muscles are strong. (Str +2)
Your spells are a little harder to cast, but a little more powerful.


Message History

It was a potion of mutation.
You feel extremely strange.
Your vision blurs. x2; You feel stronger.
You feel less in control of your magic.
A white imp comes into view.
The white imp shouts!
The white imp gestures at you. The puff of frost hits you.
You barely miss the white imp. The white imp barely misses you.
You barely miss the white imp. Your kick misses the white imp.
The white imp hits you. The white imp freezes you.
You barely miss the white imp. The white imp hits you.
The white imp freezes you.
* * * LOW HITPOINT WARNING * * *
Unknown command.
The white imp barely misses you. The white imp barely misses you.
A large abomination comes into view.
The white imp gestures at you. The puff of frost hits you.
You die...

.. . #ยง
....# #X.
#..#.# #...
..#.# .#.##.
.... .....#
#.. #..#...
#..#....#
##@.##.##
#..##...#
#..#..#######
#..#.#5x#
....
....###...###
....##
#.#..#.# .#.#
#..###...##
#.
..##..#....#
### ....
#....##.#.#.


You could see a large abomination and a white imp.

Vanquished Creatures
  An ufetubus (Abyss:1)
1 creature vanquished.

Notes
Turn   | Place    | Note
-------+----------+-------------------------------------------
     0 | Abyss:1  | Gargoyl the Centaur Abyssal Knight began the quest for the
                  | Orb.
     0 | Abyss:1  | Reached XP level 1. HP: 19/19 MP: 2/2
    25 | Abyss:1  | Found a corrupted altar of Lugonu.
   144 | Abyss:1  | Noticed a small abomination
   146 | Abyss:1  | Gained mutation: Scrolls take you a little longer to read.
                  | [potion of mutation]
   146 | Abyss:1  | Gained mutation: Scrolls take you longer to read. [potion
                  | of mutation]
   146 | Abyss:1  | Gained mutation: Your muscles are strong. (Str +2) [potion
                  | of mutation]
   146 | Abyss:1  | Gained mutation: Your spells are a little harder to cast,
                  | but a little more powerful. [potion of mutation]
   196 | Abyss:1  | Noticed a large abomination
   197 | Abyss:1  | Killed from afar by a white imp

Illustrated notes

Levels and vault maps discovered:
Abyss:1

Action                   || total
-------------------------++-------
Melee: Hand axe          ||     6
  Use: Scroll            ||     1
       Potion            ||     1
Armor: Leather armour    ||     5
Dodge: Dodged            ||     6

Table legend:
 A = Non-vault XP
 B = Vault XP
 C = Vault XP percentage of total XP
 D = Non-vault monster count
 E = Vault monster count
 F = Vault count percentage of total count
                 A         B        C        D         E       F
            +---------+---------+-------+---------+---------+-------
      Total |       8 |       0 |   0.0 |       1 |       0 |   0.0
            +---------+---------+-------+---------+---------+-------
    Abyss:1 |       8 |       0 |   0.0 |       1 |       0 |   0.0
            +---------+---------+-------+---------+---------+-------
